Map: Blackpink LE

Players

CinDra - Winner!

  • Race: Zerg Zerg
  • League: Silver
  • Spawn Location: 1:00

Laffite

  • Race: Zerg Zerg
  • Spawn Location: 7:00

VOD

Have the link to the VOD?

Description

Time

  • Played on: Feb. 23, 2018, 3:38 p.m.
  • Length: 12:47
Show
View Real Time Build Order
Export as new Build Order

CinDra Zerg - Winner!

Build Orders: Hatch First 

Get SALT Encoding   

  12  0:00  Drone  
  13  0:13  Overlord  
  13  0:17  Drone  
  14  0:31  Drone x2  
  14  0:35  Drone  
  17  0:55  Hatchery  
  17  0:56  Drone  
  17  1:04  Drone  
  18  1:08  Drone  
  19  1:15  Extractor  
  18  1:19  Spawning Pool  
  18  1:22  Drone  
  18  1:34  Drone  
  19  1:40  Overlord  
  19  1:50  Drone  
  20  2:07  Zergling x2  
  20  2:08  Queen, Zergling x2  
  22  2:09  Queen  
  22  2:11  Drone  
  27  2:18  Metabolic Boost, Zergling x2  
  27  2:22  Drone  
  29  2:35  Drone  
  29  2:36  Drone  
  31  2:40  Drone  
  32  2:55  Overlord  
  32  2:59  Drone x2  
  34  3:08  Roach Warren, Drone x2  
  35  3:14  Zergling x2  
  36  3:24  Zergling x2  
  36  3:25  Zergling x12  
  43  3:50  Overlord x2  
  43  4:00  Drone  
  44  4:04  Hatchery  
  44  4:05  Overlord  
  44  4:06  Overlord  
  44  4:07  Queen  
  45  4:10  Lair  
  45  4:16  Roach  
  47  4:18  Extractor  
  47  4:20  Roach  
  47  4:21  Roach  
  47  4:43  Pneumatized Carapace  
  46  5:11  Drone  
  46  5:12  Drone x15  
  56  5:32  Overseer  
  56  5:33  Overseer x2  
  55  5:38  Extractor  
  55  5:40  Extractor  
  53  5:43  Glial Reconstitution  
  53  5:50  Drone x4  
  53  5:51  Drone x2  
  59  6:01  Roach x4  
  59  6:02  Overlord  
  59  6:03  Overlord  
  59  6:04  Zergling x12  
  73  6:19  Drone  
  73  6:20  Drone x2  
  76  6:25  Extractor  
  76  6:28  Extractor  
  76  6:30  Drone x4  
  76  6:31  Overlord x2, Drone x2  
  76  6:32  Drone x2  
  82  6:33  Drone x2  
  84  6:55  Hatchery, Roach  
  84  6:56  Roach x5  
  95  7:06  Drone x4  
  99  7:11  Drone x5  
  99  7:12  Drone x2  
  106  7:17  Roach  
  108  7:25  Evolution Chamber  
  108  7:27  Evolution Chamber  
  106  7:46  Roach x4  
  106  7:47  Overlord x3  
  106  7:48  Overlord x5  
  114  8:06  Queen  
  114  8:09  Drone  
  114  8:10  Drone x12  
  129  8:15  Roach  
  129  8:19  Zerg Ground Armor Level 1, Zerg Missile Weapons Level 1  
  131  8:33  Hydralisk Den  
  130  8:46  Extractor  
  129  8:55  Extractor  
  124  9:43  Roach x16  
  124  9:44  Overlord x3, Roach x13  
  182  10:01  Zergling x2  
  183  10:14  Zerg Ground Armor Level 2, Zerg Missile Weapons Level 2  
  183  10:16  Muscular Augments  
  183  10:18  Hydralisk x6  
  183  10:19  Hydralisk x2  
  199  10:47  Hydralisk  
  199  10:48  Hydralisk x2  
  167  11:05  Hydralisk x14  
  167  11:07  Overlord  
  167  11:08  Overlord  
  167  11:09  Overlord  
  191  11:22  Overseer x3  
  191  11:28  Grooved Spines  
  177  11:42  Hydralisk x7  
  186  11:58  Hydralisk  
  186  11:59  Hydralisk x2  
  186  12:01  Overlord x10  
  192  12:02  Overlord x4  
Show
View Real Time Build Order
Export as new Build Order

Laffite Zerg 

Build Orders: Pool First, Muta Ling Bane 

Get SALT Encoding   

  12  0:04  Drone  
  13  0:10  Drone  
  14  0:18  Overlord  
  14  0:34  Spawning Pool  
  13  0:37  Drone  
  14  0:44  Drone  
  14  0:45  Drone  
  16  0:53  Drone  
  17  1:00  Drone  
  18  1:11  Drone  
  19  1:14  Extractor  
  18  1:25  Queen, Drone  
  21  1:35  Drone  
  22  1:43  Extractor  
  22  1:45  Drone  
  22  1:59  Overlord  
  22  2:18  Hatchery, Overlord  
  21  2:26  Drone  
  21  2:27  Drone  
  23  2:37  Drone  
  23  2:38  Drone x2  
  26  2:51  Lair  
  26  2:52  Metabolic Boost  
  26  3:01  Zergling x4  
  26  3:05  Zergling x2  
  29  3:14  Zergling x4  
  29  3:15  Zergling x2  
  32  3:26  Overlord  
  32  3:31  Queen  
  32  3:32  Drone  
  35  3:44  Drone x3  
  35  3:45  Drone  
  35  3:48  Drone  
  40  3:55  Drone  
  40  3:58  Overlord  
  41  4:10  Baneling Nest  
  41  4:12  Spire  
  41  4:14  Spire  
  41  4:16  Drone x4  
  42  4:25  Drone x3  
  42  4:30  Extractor  
  42  4:31  Extractor  
  43  4:33  Drone x2  
  40  4:42  Zergling x2  
  40  4:48  Zergling x8  
  42  4:59  Zergling x6  
  37  5:00  Zergling x2  
  37  5:03  Baneling x2  
  34  5:11  Baneling  
  30  5:20  Baneling x3  
  30  5:21  Baneling  
  27  5:32  Baneling x3  
  27  5:35  Drone x3  
  28  5:40  Drone x2  
  28  5:41  Drone  
  32  5:54  Drone  
  32  5:56  Queen  
  33  5:59  Drone  
  33  6:03  Drone  
  38  6:11  Drone  
  38  6:15  Queen  
  40  6:19  Drone x2  
  42  6:26  Drone  
  43  6:33  Burrow  
  44  6:40  Drone x2  
  44  6:45  Zergling x4  
  47  6:53  Queen  
  50  7:01  Zergling x4  
  50  7:04  Hatchery  
  50  7:08  Drone  
  51  7:18  Drone  
  51  7:19  Drone x3  
  51  7:22  Drone  
  56  7:32  Zergling x6  
  59  7:40  Overlord x2  
  59  7:43  Overlord x2  
  59  8:02  Mutalisk x4  
  59  8:03  Mutalisk  
  69  8:06  Zergling x2  
  69  8:07  Zergling x4  
  69  8:10  Overlord  
  72  8:14  Zerg Flyer Weapons Level 1, Zerg Flyer Armor Level 1  
  72  8:17  Zergling x2  
  73  8:21  Overlord  
  73  8:32  Drone x5  
  78  8:37  Drone x2  
  78  8:40  Drone  
  78  8:41  Drone x2  
  83  8:50  Drone  
  84  8:56  Drone x2  
  86  9:08  Mutalisk x4  
  84  9:13  Mutalisk x4  
  91  9:20  Extractor x2  
  89  9:28  Centrifical Hooks  
  89  9:34  Zergling x4  
  92  9:45  Drone x2  
  92  9:47  Drone  
  92  9:50  Drone x2  
  92  9:51  Hatchery, Drone x2  
  97  9:57  Mutalisk x3  
  103  10:00  Mutalisk  
  103  10:04  Baneling  
  103  10:05  Baneling  
  105  10:08  Baneling x2  
  105  10:14  Drone  
  105  10:15  Drone x5  
  111  10:22  Baneling x7  
  111  10:29  Extractor  
  111  10:30  Extractor  
  86  10:53  Mutalisk x2  
  86  10:54  Mutalisk x4  
  90  11:12  Queen  
  90  11:16  Drone  
  90  11:17  Drone x4  
  89  11:57  Mutalisk x2  
  89  11:58  Mutalisk x5  
  103  12:09  Drone x3  
  103  12:11  Drone x3  
  103  12:14  Drone x3  
Tags
 
Composition
Muta Ling Bane
League
Silver
Matchup
ZvZ
Race
Zerg
Spawn Locations
Cross Positions
Add a new tag
Caveats
  • Supply blocks, unpowered buildings, or Contaminate may cause inaccurate times.
  • Supply counts are checked every 10 seconds.